 Dungeon Crawl Stone Soup version 0.18.1-48-g4cf74bf (webtiles) character file.

3184 Alarkh the Archer (level 9, -36/62 HPs)
             Began as a Mummy Hunter on Aug 10, 2016.
             Was an Elder of Okawaru.
             Killed from afar by a steam dragon (39 damage)
             ... with a ball of steam
             ... on level 7 of the Dungeon.
             The game lasted 00:19:56 (10690 turns).

Alarkh the Archer (Mummy Hunter)                   Turns: 10690, Time: 00:19:57

Health: -36/62     AC:  8    Str: 19    XL:     9   Next: 64%
Magic:  9/9        EV: 12    Int: 13    God:    Okawaru [****..]
Gold:   291        SH:  0    Dex: 13    Spells: 0 memorised, 8 levels left

rFire  x . .     SeeInvis +     b - +2 short sword (venom)
rCold  + + +     Gourm    .     G - +2 robe {rC+}
rNeg   + + +     Faith    .     (no shield)
rPois  ∞         Spirit   .     w - +0 helmet
rElec  .         Dismiss  .     E - +1 cloak
rCorr  .         Reflect  .     (no gloves)
SustAt .         Harm     .     e - +0 pair of boots
MR     +....                    (no amulet)
Stlth  ++........               n - ring of protection from cold
                                v - ring "Coirog" {rPois Str+4 SInv Stlth+}

@: somewhat resistant to hostile enchantments, unstealthy
A: no food or potions, fire vulnerability, cold resistance 1, negative energy
resistance 3, torment resistance, unbreathing
a: Heroism, Renounce Religion


You were on level 7 of the Dungeon.
You worshipped Okawaru.
Okawaru was greatly pleased with you.
You were not hungry.

You visited 2 branches of the dungeon, and saw 9 of its levels.
You also visited: Sewer.

You collected 291 gold pieces.

Inventory:

Hand Weapons
 a - a +1 shortbow
 b - a +2 short sword of venom (weapon)
 u - a +0 short sword
 A - a +2 dagger of venom
 F - a +4 quarterstaff of chaos
Missiles
 d - 50 arrows
Armour
 c - a +0 leather armour
 e - a +0 pair of boots (worn)
 w - a +0 helmet (worn)
 E - a +1 cloak (worn)
 G - a +2 robe of cold resistance (worn)
Magical Staves
 r - an uncursed staff of poison
Jewellery
 f - a +5 ring of strength
 g - an uncursed ring of ice
 k - an uncursed ring of resist corrosion
 n - a ring of protection from cold (right hand)
 v - the ring "Coirog" (left hand) {rPois Str+4 SInv Stlth+}
   (You found it on level 4 of the Dungeon)

   [ring of strength]

   It affects your strength (+4).
   It protects you from poison.
   It lets you see invisible.
   It makes you more stealthy.
 z - an uncursed ring of sustain attributes
Wands
 x - a wand of flame (34/48)
 D - a wand of random effects (23/48)
Scrolls
 h - 3 scrolls of fog
 i - 2 scrolls of enchant armour
 j - 2 scrolls of noise
 l - a scroll of enchant weapon
 m - a scroll of magic mapping
 o - 4 scrolls of remove curse
 p - 2 scrolls of amnesia {unknown}
 q - 2 scrolls of recharging {unknown}
 s - 3 scrolls of fear {unknown}
 t - a scroll of blinking {unknown}
 y - a scroll of random uselessness {unknown}
 C - a scroll of immolation {unknown}
Books
 B - a book of Callings

   Spells                             Type                      Level
   a - Summon Small Mammal            Summoning                    1
   b - Call Imp                       Summoning                    2
   c - Call Canine Familiar           Summoning                    3
   d - Summon Guardian Golem          Hexes/Summoning              3
   e - Summon Lightning Spire         Summoning/Air                4
   f - Summon Ice Beast               Ice/Summoning                4


   Skills:
 + Level 2.7 Fighting
 * Level 0.8 Staves
 * Level 11.3 Bows
 + Level 1.3 Armour
 + Level 2.3 Dodging
 - Level 0.7 Stealth


You had 8 spell levels left.
You didn't know any spells.

Dungeon Overview and Level Annotations

Branches:
Dungeon (8/15)             Temple (1/1) D:5
   Lair: D:8-11

Altars:
Ashenzari
Cheibriados
Dithmenos
Elyvilon
Fedhas
Gozag
Kikubaaqudgha
Makhleb
Nemelex Xobeh
Okawaru
Pakellas
Qazlal
Ru
Sif Muna
Trog
Xom
Yredelemnul
Zin
The Shining One

Shops:
D:5 !


Innate Abilities, Weirdness & Mutations

You do not eat or drink.
Your flesh is vulnerable to fire.
You are immune to poison.
Your flesh is cold resistant.
You are immune to negative energy.
You are immune to unholy pain and torment.
You can survive without breathing.


Message History

The steam dragon is moderately wounded.
You are engulfed in a cloud of scalding steam.
The steam dragon bites you. The steam dragon barely misses you.
The steam dragon closely misses you. The steam dragon misses you.
You are too injured to fight recklessly!
Read which item? (? for menu, Esc to quit)
Okay, then.
An orc priest and an orc wizard come into view.
There is a stone staircase leading up here.
You are engulfed in a cloud of scalding steam.
* * * LOW HITPOINT WARNING * * *
The steam dragon bites you!
* * * LOW HITPOINT WARNING * * *
The steam dragon barely misses you.
You climb upwards.
There is a stone staircase leading down here.
The steam dragon breathes steam at you. The ball of steam hits you!
The steam scalds you terribly!
Ouch! That really hurt!
You die...

.<.....#.........# #.#####.....
.#.....##....###.# #.# #.####
....#####....# #.# #.# #.#
.#.######.#.####.#####.# ##.##
.......................####...###
#########.#####..##..............
#)# #..##..######...### #.#
#..............## #.#
##@############# #.######§#
#>[.....D# ##########


You could see a steam dragon.

Vanquished Creatures
  Eustachio (D:6)
  Menkaure (D:6)
  A water moccasin (D:5)
  An orc warrior (D:5)
  2 ice beasts (D:5)
  A sky beast (D:7)
  3 ogres (D:5)
  A necrophage (D:6)
  A centaur (D:6)
  6 big kobolds
  2 giant frogs
  A scorpion (D:7)
  8 wights
  4 crimson imps
  Crazy Yiuf (D:7)
  2 orc priests (D:6)
  3 hounds
  4 iguanas
  3 orc wizards
  A centaur skeleton (D:7)
  Jessica (D:3)
  7 worker ants
  A killer bee zombie (D:6)
  2 hound skeletons
  10 adders
  3 gnolls
  4 river rats (Sewer)
  2 shadow imps (D:7)
  3 oozes (Sewer)
  An adder zombie (D:6)
  An adder skeleton (D:4)
  5 worms
  2 dart slugs
  7 giant geckos
  15 orcs
  9 bats
  11 giant cockroaches
  9 goblins
  6 hobgoblins
  10 jackals (D:2)
  12 kobolds
  4 quokkas
  3 ball pythons
  2 giant gecko skeletons
  3 giant newts
  11 rats
191 creatures vanquished.

Notes
Turn   | Place    | Note
--------------------------------------------------------------
     0 | D:1      | Alarkh the Mummy Hunter began the quest for the Orb.
     0 | D:1      | Reached XP level 1. HP: 16/16 MP: 1/1
   171 | D:1      | Reached XP level 2. HP: 22/22 MP: 2/2
   369 | D:1      | Reached skill level 4 in Bows
   777 | D:2      | Reached XP level 3. HP: 27/27 MP: 3/3
  1080 | D:2      | Found a shimmering altar of Xom.
  1083 | D:2      | Reached XP level 4. HP: 33/33 MP: 4/4
  1560 | D:3      | Found a faded altar to an unknown god.
  1682 | D:3      | Found a shadowy altar of Dithmenos.
  1708 | D:3      | Became a worshipper of Warmaster Okawaru
  1708 | D:3      | Reached * piety under Okawaru
  1761 | D:3      | Reached skill level 5 in Bows
  1921 | D:3      | Found a burning altar of Makhleb.
  1923 | D:3      | Noticed Jessica
  1926 | D:3      | Killed Jessica
  1934 | D:3      | Reached XP level 5. HP: 38/38 MP: 5/5
  2094 | D:3      | Found an iron altar of Okawaru.
  2445 | D:4      | Found a glowing drain.
  2504 | Sewer    | Entered a sewer
  2535 | Sewer    | Reached skill level 6 in Bows
  2607 | Sewer    | Reached XP level 6. HP: 44/44 MP: 6/6
  2695 | Sewer    | Reached ** piety under Okawaru
  3405 | Sewer    | Reached skill level 7 in Bows
  3747 | Sewer    | Reached XP level 7. HP: 26/50 MP: 4/7
  4614 | D:4      | Got a crude silver ring
  4616 | D:4      | Identified the ring "Coirog" {rPois Str+4 SInv Stlth+} (You found it on level 4 of the Dungeon)
  5074 | D:5      | Entered Level 5 of the Dungeon
  5132 | D:4      | Reached skill level 8 in Bows
  5205 | D:5      | Found Vuhaw's Distillery.
  5830 | D:5      | Found a staircase to the Ecumenical Temple.
  5910 | Temple   | Entered the Ecumenical Temple
  6413 | D:5      | Reached XP level 8. HP: 34/56 MP: 8/8
  6708 | D:5      | Reached skill level 9 in Bows
  6804 | D:5      | HP: 2/56 [ogre/giant spiked club (25)]
  7170 | D:5      | Found a basalt altar of Yredelemnul.
  7266 | D:5      | Reached *** piety under Okawaru
  7607 | D:6      | Noticed Eustachio
  7621 | D:6      | Killed Eustachio
  7834 | D:6      | Noticed Menkaure
  7850 | D:6      | Reached skill level 10 in Bows
  8015 | D:6      | Killed Menkaure
  8619 | D:6      | Reached XP level 9. HP: 61/61 MP: 9/9
  8901 | D:6      | Received a gift from Okawaru
  9272 | D:6      | Reached skill level 11 in Bows
  9586 | D:7      | Found a sacrificial altar of Ru.
  9732 | D:7      | Found a stormy altar of Qazlal.
  9901 | D:7      | Reached skill level 1 in Armour
  9962 | D:7      | Found a snail-covered altar of Cheibriados.
  9988 | D:7      | Reached **** piety under Okawaru
 10255 | D:7      | Noticed Crazy Yiuf
 10269 | D:7      | Killed Crazy Yiuf
 10688 | D:8      | HP: 2/62 [steam dragon (8)]
 10690 | D:7      | Killed from afar by a steam dragon

Skill      XL: |  1  2  3  4  5  6  7  8  9 |
---------------+----------------------------+-----
Bows           | 4 5 6 7 8 10 11 | 11.3
Armour         | 1 |  1.3
Dodging        | 2 |  2.3
Fighting       | |  2.7
Staves         | |  0.8
Stealth        | |  0.7

Action                   |  1- 3 |  4- 6 |  7- 9 || total
-------------------------+-------+-------+-------++-------
Melee: Short sword       |       |    76 |   117 ||   193
       Punch             |       |     1 |     1 ||     2
       Dagger            |       |       |   287 ||   287
 Fire: Shortbow          |   131 |   243 |   145 ||   519
Invok: Heroism           |       |     5 |     1 ||     6
  Use: Scroll            |       |     7 |     5 ||    12
 Stab: Sleeping          |       |       |     8 ||     8
Armor: Leather armour    |    23 |    27 |   118 ||   168
       Robe              |       |       |     2 ||     2
Dodge: Dodged            |    30 |   100 |   227 ||   357
